[ AOE2 MATCH · #459415201 ]
UnrankedPersians vs Muisca
Player's team · LOSS
[ REPLAY ANALYSIS · EXTRACTED FROM THE RECORDED GAME ]
Feudal
14:20
Castle
18:33
Imperial
—
| APM avg | 15.8 |
| APM peak | 65 |
| eAPM avg | 8.6 |
| Villagers / military | 59 / 14 |
Focus
⚔️ 16.3% · 🌾 83.7%
Knight ×5 · Camel Scout ×5 · Battering Ram ×4
Feudal
15:32
Castle
19:15
Imperial
25:48
| APM avg | 49.3 |
| APM peak | 83 |
| eAPM avg | 27.2 |
| Villagers / military | 82 / 39 |
Focus
⚔️ 24.0% · 🌾 76.0%
Monk ×39
Feudal
13:56
Castle
17:52
Imperial
—
| APM avg | 24.5 |
| APM peak | 75 |
| eAPM avg | 11.2 |
| Villagers / military | 68 / 33 |
Focus
⚔️ 21.8% · 🌾 78.2%
War Wagon ×27 · Battering Ram ×5 · Monk ×1 · Trade Cart ×1
Feudal
13:27
Castle
17:49
Imperial
—
| APM avg | 39.5 |
| APM peak | 68 |
| eAPM avg | 17.9 |
| Villagers / military | 74 / 44 |
Focus
⚔️ 30.0% · 🌾 70.0%
Konnik ×31 · Knight ×8 · Scout Cavalry ×4 · Monk ×1
Match map
Initial resources + every placement click. Lines = walls · curves = elevation contours. ◆ gold · ⬟ stone · ● berries · ✦ relic · ◌ wall gap
Inputs per minute
— jerry2928095 - - easy5888
Build order — jerry2928095
128 actions detected in the replay
| 0:40 | Build | Town Center |
| 1:38 | Build | House |
| 1:40 | Build | House |
| 3:08 | Create | Villager (Male) |
| 3:09 | Create | Villager (Male) |
| 3:09 | Create | Villager (Male) |
| 3:11 | Create | Villager (Male) |
| 3:11 | Create | Villager (Male) |
| 3:29 | Research | Loom |
| 3:33 | Create | Villager (Male) |
| 3:33 | Create | Villager (Male) |
| 3:36 | Build | House |
| 3:59 | Create | Villager (Male) |
| 3:59 | Create | Villager (Male) |
| 4:00 | Create | Villager (Male) |
| 4:02 | Build | House |
| 4:35 | Create | Villager (Male) |
| 5:00 | Create | Villager (Male) |
| 6:08 | Create | Villager (Male) |
| 6:08 | Create | Villager (Male) |
| 6:49 | Build | House |
| 6:50 | Build | House |
| 6:57 | Create | Villager (Male) |
| 6:57 | Create | Villager (Male) |
| 6:58 | Create | Villager (Male) |
| 7:15 | Create | Villager (Male) |
| 7:56 | Create | Villager (Male) |
| 7:57 | Create | Villager (Male) |
| 8:01 | Build | Lumber Camp |
| 8:10 | Create | Villager (Male) |
| 8:24 | Create | Villager (Male) |
| 8:45 | Create | Villager (Male) |
| 8:52 | Build | Mill |
| 9:06 | Create | Villager (Male) |
| 9:25 | Create | Villager (Male) |
| 10:16 | Create | Villager (Male) |
| 10:16 | Create | Villager (Male) |
| 11:33 | Build | Mining Camp |
| 11:57 | Research | Feudal Age |
| 12:18 | Build | Farm |
| 12:18 | Build | Farm |
| 12:18 | Build | Farm |
| 12:37 | Create | Villager (Male) |
| 12:38 | Create | Villager (Male) |
| 12:42 | Build | House |
| 14:20 | Age | Feudal Age |
| 14:26 | Build | Blacksmith |
| 14:31 | Build | Market |
| 14:52 | Create | Villager (Male) |
| 15:35 | Build | House |
| 15:41 | Create | Villager (Male) |
| 15:53 | Build | House |
| 16:07 | Research | Castle Age |
| 16:07 | Research | Castle Age |
| 16:21 | Build | Barracks |
| 17:30 | Build | Stable |
| 17:33 | Create | Villager (Male) |
| 17:33 | Create | Villager (Male) |
| 17:38 | Build | Farm |
| 17:38 | Build | Farm |
| 17:49 | Build | Farm |
| 18:07 | Build | Farm |
| 18:33 | Age | Castle Age |
| 18:35 | Build | Outpost |
| 18:41 | Create | Villager (Male) |
| 18:50 | Build | Siege Workshop |
| 18:56 | Research | Town Watch |
| 19:04 | Create | Knight |
| 19:04 | Create | Knight |
| 19:12 | Research | Double-Bit Axe |
| 19:27 | Create | Villager (Male) |
| 19:30 | Research | Horse Collar |
| 19:41 | Create | Knight |
| 19:48 | Create | Villager (Male) |
| 19:52 | Build | Farm |
| 20:12 | Create | Villager (Male) |
| 20:29 | Build | Farm |
| 20:35 | Create | Villager (Male) |
| 20:39 | Build | House |
| 20:40 | Build | House |
| 20:58 | Create | Villager (Male) |
| 21:20 | Create | Villager (Male) |
| 21:27 | Build | House |
| 21:28 | Build | House |
| 21:37 | Build | Farm |
| 21:42 | Build | Farm |
| 21:44 | Create | Villager (Male) |
| 21:51 | Create | Knight |
| 22:14 | Create | Battering Ram |
| 22:15 | Create | Battering Ram |
| 22:18 | Create | Villager (Male) |
| 22:28 | Create | Villager (Male) |
| 22:30 | Build | Farm |
| 22:41 | Create | Battering Ram |
| 22:56 | Create | Villager (Male) |
| 23:18 | Create | Villager (Male) |
| 23:22 | Create | Battering Ram |
| 23:30 | Create | Villager (Male) |
| 23:58 | Create | Villager (Male) |
| 24:03 | Create | Knight |
| 24:15 | Research | Scale Barding Armor |
| 24:34 | Create | Villager (Male) |
| 24:34 | Create | Villager (Male) |
| 24:46 | Create | Villager (Male) |
| 24:59 | Research | Bloodlines |
| 25:21 | Create | Villager (Male) |
| 25:25 | Build | House |
| 25:26 | Build | House |
| 25:56 | Create | Camel Scout |
| 25:56 | Create | Camel Scout |
| 25:56 | Create | Camel Scout |
| 25:56 | Create | Camel Scout |
| 26:06 | Build | Castle |
| 26:16 | Create | Villager (Male) |
| 26:28 | Create | Villager (Male) |
| 26:28 | Create | Villager (Male) |
| 26:41 | Create | Villager (Male) |
| 26:41 | Create | Villager (Male) |
| 26:52 | Create | Camel Scout |
| 26:56 | Create | Villager (Male) |
| 27:09 | Create | Villager (Male) |
| 27:15 | Build | Farm |
| 27:18 | Build | House |
| 27:22 | Create | Villager (Male) |
| 27:38 | Build | Farm |
| 27:38 | Build | Farm |
| 27:39 | Build | Farm |
| 27:39 | Build | Farm |
Build order — easy5888
First 150 of 256 actions detected
| 0:27 | Build | Town Center |
| 1:26 | Build | House |
| 2:26 | Create | Villager (Male) |
| 2:27 | Create | Villager (Male) |
| 2:27 | Create | Villager (Male) |
| 2:27 | Create | Villager (Male) |
| 2:27 | Create | Villager (Male) |
| 3:47 | Create | Villager (Male) |
| 3:47 | Create | Villager (Male) |
| 4:11 | Build | Palisade Wall |
| 4:16 | Create | Villager (Male) |
| 4:42 | Create | Villager (Male) |
| 4:43 | Create | Villager (Male) |
| 4:49 | Build | House |
| 4:50 | Build | House |
| 5:00 | Build | Settlement |
| 5:19 | Create | Villager (Male) |
| 5:19 | Create | Villager (Male) |
| 5:19 | Create | Villager (Male) |
| 5:45 | Create | Villager (Male) |
| 5:45 | Create | Villager (Male) |
| 6:07 | Create | Villager (Male) |
| 6:39 | Create | Villager (Male) |
| 6:40 | Create | Villager (Male) |
| 7:01 | Build | Settlement |
| 7:08 | Create | Villager (Male) |
| 7:08 | Create | Villager (Male) |
| 7:17 | Create | Villager (Male) |
| 7:17 | Create | Villager (Male) |
| 7:48 | Create | Villager (Male) |
| 7:48 | Create | Villager (Male) |
| 8:20 | Create | Villager (Male) |
| 8:20 | Create | Villager (Male) |
| 8:35 | Build | Palisade Wall |
| 8:41 | Build | House |
| 8:45 | Create | Villager (Male) |
| 9:01 | Build | House |
| 9:03 | Build | Palisade Wall |
| 9:08 | Create | Villager (Male) |
| 10:10 | Create | Villager (Male) |
| 10:10 | Create | Villager (Male) |
| 10:19 | Build | Settlement |
| 10:41 | Build | Settlement |
| 10:49 | Create | Villager (Male) |
| 10:49 | Create | Villager (Male) |
| 11:42 | Create | Villager (Male) |
| 11:50 | Create | Villager (Male) |
| 12:17 | Research | Loom |
| 12:18 | Research | Loom |
| 12:40 | Build | House |
| 12:41 | Build | House |
| 12:51 | Build | Palisade Wall |
| 12:54 | Build | Building 800 |
| 12:57 | Create | Villager (Male) |
| 13:13 | Research | Feudal Age |
| 13:13 | Research | Feudal Age |
| 13:25 | Build | Palisade Wall |
| 14:10 | Build | House |
| 14:16 | Build | House |
| 14:19 | Build | House |
| 14:21 | Create | Villager (Male) |
| 14:26 | Build | Farm |
| 15:06 | Build | Palisade Wall |
| 15:17 | Build | Farm |
| 15:32 | Age | Feudal Age |
| 15:34 | Build | Farm |
| 15:40 | Build | Market |
| 15:43 | Build | Blacksmith |
| 15:52 | Create | Villager (Male) |
| 15:59 | Build | Outpost |
| 16:35 | Research | Castle Age |
| 16:35 | Research | Castle Age |
| 16:39 | Research | Double-Bit Axe |
| 16:39 | Research | Double-Bit Axe |
| 16:47 | Build | Farm |
| 16:50 | Build | Farm |
| 16:51 | Build | Farm |
| 16:53 | Build | Farm |
| 16:57 | Build | Farm |
| 16:59 | Build | Farm |
| 17:04 | Build | Farm |
| 17:09 | Create | Villager (Male) |
| 17:16 | Build | Farm |
| 17:21 | Build | Farm |
| 17:32 | Build | Farm |
| 17:44 | Research | Town Watch |
| 17:44 | Research | Town Watch |
| 17:49 | Build | Outpost |
| 17:54 | Research | Horse Collar |
| 18:12 | Create | Villager (Male) |
| 18:27 | Build | Farm |
| 18:47 | Build | House |
| 18:50 | Create | Villager (Male) |
| 18:59 | Build | Farm |
| 19:04 | Build | Farm |
| 19:08 | Build | Farm |
| 19:15 | Age | Castle Age |
| 19:24 | Create | Villager (Male) |
| 19:37 | Research | Bow Saw |
| 19:51 | Build | Monastery |
| 20:35 | Create | Monk |
| 20:35 | Create | Monk |
| 21:05 | Create | Villager (Male) |
| 21:12 | Build | Siege Workshop |
| 21:27 | Create | Villager (Male) |
| 21:52 | Create | Monk |
| 21:57 | Build | Outpost |
| 22:13 | Build | House |
| 22:38 | Research | Imperial Age |
| 22:44 | Build | Monastery |
| 22:58 | Build | Settlement |
| 23:03 | Create | Villager (Male) |
| 23:05 | Research | Gold Mining |
| 23:06 | Research | Gold Mining |
| 23:39 | Create | Villager (Male) |
| 23:47 | Research | Gold Shaft Mining |
| 24:02 | Create | Villager (Male) |
| 24:08 | Research | Sanctity |
| 24:25 | Create | Villager (Male) |
| 24:31 | Research | Heavy Plow |
| 24:31 | Research | Heavy Plow |
| 24:36 | Build | Farm |
| 24:42 | Create | Villager (Male) |
| 24:47 | Create | Monk |
| 24:58 | Research | Fervor |
| 24:58 | Research | Fervor |
| 24:59 | Create | Villager (Male) |
| 24:59 | Create | Villager (Male) |
| 25:18 | Create | Monk |
| 25:26 | Build | Outpost |
| 25:48 | Age | Imperial Age |
| 25:54 | Research | Block Printing |
| 25:54 | Research | Block Printing |
| 26:02 | Create | Villager (Male) |
| 26:04 | Create | Monk |
| 26:13 | Research | Illumination |
| 26:24 | Create | Monk |
| 26:39 | Create | Monk |
| 26:50 | Build | Monastery |
| 27:06 | Create | Monk |
| 27:15 | Create | Monk |
| 27:17 | Create | Villager (Male) |
| 27:33 | Create | Monk |
| 27:38 | Create | Villager (Male) |
| 27:38 | Create | Villager (Male) |
| 27:58 | Research | Theocracy |
| 27:58 | Research | Theocracy |
| 28:12 | Create | Villager (Male) |
| 28:26 | Create | Villager (Male) |
| 28:33 | Build | Settlement |
Build order — OrganicTA
First 150 of 163 actions detected
| 0:41 | Build | Town Center |
| 1:48 | Build | House |
| 1:50 | Build | House |
| 2:49 | Create | Villager (Male) ×4 |
| 2:49 | Create | Villager (Male) ×4 |
| 4:09 | Create | Villager (Male) |
| 4:48 | Create | Villager (Male) |
| 4:49 | Create | Villager (Male) |
| 5:36 | Create | Villager (Male) |
| 5:53 | Create | Villager (Male) |
| 5:54 | Create | Villager (Male) |
| 5:54 | Create | Villager (Male) |
| 6:33 | Build | Lumber Camp |
| 7:06 | Build | House |
| 7:07 | Build | House |
| 7:10 | Create | Villager (Male) |
| 7:11 | Create | Villager (Male) |
| 7:11 | Create | Villager (Male) |
| 7:11 | Create | Villager (Male) |
| 7:22 | Create | Villager (Male) |
| 7:58 | Create | Villager (Male) |
| 8:04 | Build | Mill |
| 8:35 | Build | House |
| 8:37 | Build | House |
| 8:38 | Build | Palisade Wall |
| 8:45 | Build | House |
| 8:53 | Create | Villager (Male) |
| 9:09 | Create | Villager (Male) |
| 9:29 | Build | House |
| 9:31 | Build | Palisade Wall |
| 9:43 | Create | Villager (Male) |
| 10:02 | Create | Villager (Male) |
| 10:37 | Create | Villager (Male) |
| 10:40 | Research | Loom |
| 10:43 | Build | Mill |
| 10:58 | Build | Mining Camp |
| 11:37 | Research | Feudal Age |
| 12:13 | Create | Villager (Male) |
| 12:14 | Create | Villager (Male) |
| 12:52 | Build | Mill |
| 13:56 | Age | Feudal Age |
| 13:58 | Build | Market |
| 14:00 | Build | Blacksmith |
| 14:14 | Create | Villager (Male) |
| 15:12 | Research | Castle Age |
| 15:15 | Build | Mining Camp |
| 16:00 | Research | Double-Bit Axe |
| 16:26 | Research | Fletching |
| 16:42 | Build | Stone Wall |
| 17:16 | Create | Villager (Male) |
| 17:44 | Build | Stone Wall |
| 17:52 | Age | Castle Age |
| 18:07 | Build | Castle |
| 18:12 | Create | Villager (Male) |
| 18:21 | Research | Bow Saw |
| 18:36 | Create | Villager (Male) |
| 19:10 | Create | War Wagon |
| 19:11 | Create | War Wagon |
| 19:13 | Create | Villager (Male) |
| 19:33 | Create | Villager (Male) |
| 19:44 | Build | Siege Workshop |
| 20:03 | Create | Villager (Male) |
| 20:04 | Create | Villager (Male) |
| 20:05 | Create | Villager (Male) |
| 20:09 | Create | War Wagon |
| 20:29 | Create | War Wagon |
| 20:35 | Create | Villager (Male) |
| 20:53 | Create | Villager (Male) |
| 20:58 | Create | War Wagon |
| 21:17 | Create | Battering Ram |
| 21:26 | Create | Villager (Male) |
| 21:37 | Create | Trade Cart |
| 21:42 | Create | War Wagon |
| 21:47 | Create | Villager (Male) |
| 21:59 | Create | Battering Ram |
| 22:01 | Create | Villager (Male) |
| 22:22 | Build | Monastery |
| 22:27 | Create | Villager (Male) |
| 22:38 | Build | Lumber Camp |
| 22:48 | Create | Villager (Male) |
| 23:14 | Research | Devotion |
| 23:19 | Create | Villager (Male) |
| 23:49 | Build | Mining Camp |
| 23:50 | Create | Villager (Male) |
| 24:01 | Create | War Wagon |
| 24:13 | Build | Farm |
| 24:22 | Build | Farm |
| 24:34 | Create | War Wagon |
| 24:36 | Create | Villager (Male) |
| 24:45 | Create | War Wagon |
| 25:05 | Create | Battering Ram |
| 25:32 | Build | Farm |
| 25:47 | Create | Villager (Male) |
| 26:13 | Create | Battering Ram |
| 26:13 | Create | Battering Ram |
| 26:17 | Create | War Wagon |
| 26:17 | Create | War Wagon |
| 26:17 | Create | War Wagon |
| 27:04 | Create | Villager (Male) |
| 27:07 | Create | War Wagon |
| 27:07 | Create | War Wagon |
| 27:07 | Create | War Wagon |
| 27:20 | Build | Farm |
| 27:21 | Build | Farm |
| 27:32 | Create | War Wagon |
| 27:33 | Create | Villager (Male) |
| 27:46 | Build | Castle |
| 27:51 | Build | House |
| 27:51 | Build | House |
| 27:53 | Create | Monk |
| 28:05 | Create | Villager (Male) |
| 28:36 | Create | War Wagon |
| 28:36 | Create | War Wagon |
| 29:16 | Create | War Wagon |
| 29:16 | Create | War Wagon |
| 29:16 | Create | War Wagon |
| 29:17 | Create | War Wagon |
| 29:21 | Create | Villager (Male) |
| 29:21 | Create | Villager (Male) |
| 29:21 | Create | Villager (Male) |
| 29:22 | Create | Villager (Male) |
| 29:33 | Create | Villager (Male) |
| 29:33 | Create | Villager (Male) |
| 29:58 | Build | Mill |
| 29:59 | Build | Farm |
| 29:59 | Build | Farm |
| 29:59 | Build | Farm |
| 30:00 | Build | Farm |
| 30:00 | Build | Farm |
| 30:00 | Build | Farm |
| 30:00 | Build | Farm |
| 30:01 | Build | Farm |
| 30:01 | Build | Farm |
| 30:12 | Create | Villager (Male) |
| 30:26 | Build | Barracks |
| 30:40 | Create | Villager (Male) |
| 30:43 | Build | Farm |
| 30:44 | Build | Farm |
| 30:51 | Build | Farm |
| 30:52 | Build | Farm |
| 30:52 | Build | Farm |
| 31:01 | Research | Herbal Medicine |
| 31:05 | Build | Farm |
| 31:15 | Create | War Wagon |
| 31:36 | Build | Stable |
| 31:37 | Create | Villager (Male) |
| 31:38 | Create | Villager (Male) |
| 31:50 | Build | Farm |
| 31:52 | Create | Villager (Male) |
| 31:57 | Create | War Wagon |
Build order — DeanWang87
First 150 of 264 actions detected
| 0:38 | Build | Town Center |
| 1:18 | Build | House |
| 1:20 | Build | House |
| 2:39 | Build | House |
| 2:44 | Create | Villager (Male) |
| 2:44 | Create | Villager (Male) |
| 2:44 | Create | Villager (Male) |
| 2:45 | Create | Villager (Male) |
| 2:52 | Build | House |
| 3:05 | Build | House |
| 3:14 | Build | House |
| 4:09 | Create | Villager (Male) |
| 4:40 | Build | House |
| 4:53 | Create | Villager (Male) |
| 4:54 | Create | Villager (Male) |
| 4:56 | Build | House |
| 5:04 | Build | House |
| 5:05 | Build | House |
| 5:15 | Create | Villager (Male) |
| 5:39 | Build | House |
| 5:41 | Create | Villager (Male) |
| 6:08 | Create | Villager (Male) |
| 6:08 | Create | Villager (Male) |
| 6:25 | Create | Villager (Male) |
| 6:38 | Build | Mill |
| 6:49 | Create | Villager (Male) |
| 7:41 | Create | Villager (Male) |
| 8:16 | Create | Villager (Male) |
| 8:17 | Create | Villager (Male) |
| 8:29 | Build | House |
| 9:03 | Create | Villager (Male) |
| 9:05 | Create | Villager (Male) |
| 9:11 | Build | House |
| 9:50 | Build | Palisade Wall |
| 9:52 | Build | Palisade Wall |
| 9:59 | Create | Villager (Male) |
| 9:59 | Create | Villager (Male) |
| 10:15 | Build | Mining Camp |
| 10:40 | Create | Villager (Male) |
| 10:55 | Build | Mining Camp |
| 11:13 | Build | House |
| 11:17 | Research | Feudal Age |
| 11:22 | Build | Palisade Wall |
| 11:34 | Build | House |
| 11:44 | Build | Building 804 |
| 11:45 | Build | House |
| 11:54 | Build | Mill |
| 12:00 | Build | House |
| 12:09 | Create | Villager (Male) |
| 12:10 | Create | Villager (Male) |
| 12:12 | Build | House |
| 13:27 | Age | Feudal Age |
| 13:31 | Build | Market |
| 13:50 | Build | Blacksmith |
| 14:42 | Research | Loom |
| 14:49 | Build | House |
| 14:56 | Build | Palisade Wall |
| 14:57 | Build | Palisade Wall |
| 15:04 | Build | House |
| 15:09 | Research | Castle Age |
| 15:50 | Build | Building 487 |
| 16:08 | Build | Lumber Camp |
| 16:17 | Build | Barracks |
| 16:36 | Build | Stone Wall |
| 16:38 | Build | Stone Wall |
| 16:39 | Build | Stone Wall |
| 17:02 | Research | Double-Bit Axe |
| 17:31 | Create | Villager (Male) |
| 17:49 | Age | Castle Age |
| 17:52 | Create | Villager (Male) |
| 18:04 | Build | Stone Wall |
| 18:06 | Build | Stone Wall |
| 18:24 | Build | House |
| 18:26 | Build | House |
| 18:51 | Create | Villager (Male) |
| 18:52 | Create | Villager (Male) |
| 19:17 | Build | Castle |
| 19:20 | Create | Villager (Male) |
| 19:42 | Create | Villager (Male) |
| 19:46 | Build | Farm |
| 19:52 | Build | Stable |
| 19:55 | Build | Stable |
| 19:56 | Research | Horse Collar |
| 20:03 | Build | Farm |
| 20:09 | Create | Villager (Male) |
| 20:29 | Create | Villager (Male) |
| 20:49 | Build | Farm |
| 20:53 | Build | Farm |
| 20:59 | Create | Villager (Male) |
| 21:16 | Create | Villager (Male) |
| 21:36 | Build | Farm |
| 21:45 | Build | Farm |
| 21:47 | Create | Villager (Male) |
| 21:53 | Build | Farm |
| 22:04 | Create | Villager (Male) |
| 22:10 | Build | Farm |
| 22:16 | Build | Stone Wall |
| 22:17 | Build | Stone Wall |
| 22:18 | Build | Stone Wall |
| 22:26 | Build | Farm |
| 22:37 | Create | Villager (Male) |
| 22:49 | Build | Farm |
| 23:21 | Build | Krepost |
| 23:26 | Create | Villager (Male) |
| 23:32 | Build | Farm |
| 23:40 | Build | Farm |
| 23:41 | Build | Farm |
| 23:43 | Create | Villager (Male) |
| 24:12 | Create | Villager (Male) |
| 24:18 | Build | Farm |
| 24:18 | Build | Farm |
| 24:18 | Build | Farm |
| 24:19 | Build | Farm |
| 24:19 | Build | Farm |
| 24:20 | Build | Farm |
| 24:25 | Create | Villager (Male) |
| 24:32 | Create | Konnik |
| 24:33 | Create | Konnik |
| 24:35 | Create | Knight |
| 24:36 | Create | Knight |
| 24:37 | Create | Knight |
| 24:39 | Research | Forging |
| 24:46 | Build | Farm |
| 24:53 | Create | Konnik |
| 25:27 | Create | Konnik |
| 25:36 | Create | Villager (Male) |
| 25:37 | Create | Villager (Male) |
| 25:56 | Create | Konnik |
| 26:09 | Create | Knight |
| 26:41 | Create | Konnik |
| 27:03 | Create | Konnik |
| 27:03 | Create | Konnik |
| 27:06 | Create | Villager (Male) |
| 27:07 | Create | Villager (Male) |
| 27:08 | Create | Villager (Male) |
| 27:13 | Create | Villager (Male) |
| 27:14 | Create | Villager (Male) |
| 27:22 | Research | Scale Mail Armor |
| 27:28 | Research | Pikeman (upgrade) |
| 27:31 | Build | Barracks |
| 27:52 | Create | Konnik |
| 27:58 | Create | Villager (Male) |
| 28:12 | Build | Palisade Gate |
| 28:16 | Build | Building 796 |
| 28:22 | Create | Villager (Male) |
| 28:25 | Build | Outpost |
| 28:37 | Build | Mining Camp |
| 28:40 | Create | Villager (Male) |
| 29:06 | Build | Stone Wall |
| 29:08 | Build | Stone Wall |
Match timeline
| 4:11 | easy5888 · wall_segment Palisade Wall x1 |
| 8:35 | easy5888 · wall_segment Palisade Wall x5 |
| 8:38 | OrganicTA · wall_segment Palisade Wall x1 |
| 9:03 | easy5888 · wall_segment Palisade Wall x1 |
| 9:31 | OrganicTA · wall_segment Palisade Wall x1 |
| 9:50 | DeanWang87 · wall_segment Palisade Wall x1 |
| 9:52 | DeanWang87 · wall_segment Palisade Wall x8 |
| 11:22 | DeanWang87 · wall_segment Palisade Wall x1 |
| 12:51 | easy5888 · wall_segment Palisade Wall x6 |
| 13:25 | easy5888 · wall_segment Palisade Wall x13 |
| 13:27 | DeanWang87 · age_up feudal |
| 13:56 | OrganicTA · age_up feudal |
| 14:20 | jerry2928095 · age_up feudal |
| 14:56 | DeanWang87 · wall_segment Palisade Wall x1 |
| 14:57 | DeanWang87 · wall_segment Palisade Wall x5 |
| 15:06 | easy5888 · wall_segment Palisade Wall x13 |
| 15:32 | easy5888 · age_up feudal |
| 16:17 | DeanWang87 · first_building Barracks |
| 16:21 | jerry2928095 · first_building Barracks |
| 16:36 | DeanWang87 · wall_segment Stone Wall x1 |
| 16:38 | DeanWang87 · wall_segment Stone Wall x1 |
| 16:39 | DeanWang87 · wall_segment Stone Wall x1 |
| 16:42 | OrganicTA · wall_segment Stone Wall x6 |
| 17:30 | jerry2928095 · first_building Stable |
| 17:44 | OrganicTA · wall_segment Stone Wall x6 |
| 17:49 | DeanWang87 · age_up castle |
| 17:52 | OrganicTA · age_up castle |
| 18:04 | DeanWang87 · wall_segment Stone Wall x1 |
| 18:06 | DeanWang87 · wall_segment Stone Wall x9 |
| 18:07 | OrganicTA · first_building Castle |
| 18:33 | jerry2928095 · age_up castle |
| 18:50 | jerry2928095 · first_building Siege Workshop |
| 19:15 | easy5888 · age_up castle |
| 19:17 | DeanWang87 · first_building Castle |
| 19:44 | OrganicTA · first_building Siege Workshop |
| 19:46 | easy5888 · first_market_buy 100 wood |
| 19:51 | easy5888 · first_building Monastery |
| 19:52 | DeanWang87 · first_building Stable |
| 21:12 | easy5888 · first_building Siege Workshop |
| 21:54 | OrganicTA · first_market_sell 100 stone |
| 22:16 | DeanWang87 · wall_segment Stone Wall x1 |
| 22:17 | DeanWang87 · wall_segment Stone Wall x4 |
| 22:18 | DeanWang87 · wall_segment Stone Wall x6 |
| 22:22 | OrganicTA · first_building Monastery |
| 23:09 | OrganicTA · first_market_buy 100 food |
| 23:21 | DeanWang87 · first_building Krepost |
| 25:25 | DeanWang87 · first_market_sell 100 wood |
| 25:48 | easy5888 · age_up imperial |
| 25:57 | easy5888 · first_market_sell 100 food |
| 26:06 | jerry2928095 · first_building Castle |
| 29:06 | DeanWang87 · wall_segment Stone Wall x1 |
| 29:08 | DeanWang87 · wall_segment Stone Wall x7 |
| 29:11 | DeanWang87 · wall_segment Stone Wall x1 |
| 30:18 | easy5888 · first_building Barracks |
| 30:26 | OrganicTA · first_building Barracks |
| 31:17 | DeanWang87 · wall_segment Stone Wall x1 |
| 31:19 | DeanWang87 · wall_segment Stone Wall x9 |
| 31:36 | OrganicTA · first_building Stable |
| 31:47 | DeanWang87 · first_building Monastery |
| 33:24 | easy5888 · first_building Castle |
| 34:49 | DeanWang87 · wall_segment Stone Wall x1 |
| 35:54 | DeanWang87 · wall_segment Stone Wall x1 |
| 35:55 | DeanWang87 · wall_segment Stone Wall x1 |
| 35:56 | DeanWang87 · wall_segment Stone Wall x1 |
| 35:57 | DeanWang87 · wall_segment Stone Wall x1 |
| 39:39 | easy5888 · wall_segment Stone Wall x6 |
| 39:43 | easy5888 · wall_segment Stone Wall x1 |
| 39:49 | easy5888 · wall_segment Palisade Wall x3 |
| 39:51 | easy5888 · wall_segment Stone Wall x3 |
| 39:59 | easy5888 · wall_segment Stone Wall x4 |
| 40:05 | easy5888 · wall_segment Stone Wall x12 |
[ AI ANALYSIS · 1 CREDIT ]
What really happened in this match?
Wolo.gg analyzes every decision: build order, eco, micro, common mistakes by bracket. Personalized analysis on WhatsApp or Discord in 30 seconds.
Civ guide
Persians
Map guide
Land Nomad
Perfil
Jugador #18808317